 Dungeon Crawl Stone Soup version 0.28.0-53-g5a82cb258f (webtiles) character file.

Game seed: 2681717295953429227

32 styxcanada the Sneak (level 3, -1/18 HPs)
             Began as a Spriggan Brigand on Aug 5, 2022.
             Slain by a hobgoblin (5 damage)
             ... led by Robin
             ... on level 2 of the Dungeon.
             The game lasted 00:05:02 (1287 turns).

styxcanada the Sneak (Spriggan Brigand)             Turns: 1287, Time: 00:05:03

Health: -1/18      AC:  7    Str:  7    XL:     3   Next: 8%
Magic:  5/5        EV: 16    Int: 12    God:
Gold:   0          SH:  0    Dex: 18    Spells: 3/4 levels left

rFire   . . .      SeeInvis +   i - +1 dagger (vamp)
rCold   . . .      Faith    .   (no shield)
rNeg    . . .      Spirit   .   b - +0 robe
rPois   .          Reflect  .   (helmet restricted)
rElec   .          Harm     .   c - +0 cloak
rCorr   .          Rampage  .   (gloves unavailable)
Will    .....                   (boots unavailable)
Stlth   ++++......              (no amulet)
HPRegen 0.06/turn               l - +4 ring of protection
MPRegen 0.09/turn               (no ring)

@: very quick
A: very small, no large weapons, unfitting armour, see invisible, speed 3
a: no special abilities


You were on level 2 of the Dungeon.
You visited 1 branch of the dungeon, and saw 2 of its levels.

Inventory:

Hand Weapons
 a - a +2 dagger
 i - a +1 vampiric dagger (weapon)
Missiles
 d - 8 poisoned darts (quivered)
 e - 2 curare-tipped darts
 h - 22 stones
Armour
 b - a +0 robe (worn)
 c - a +0 cloak (worn)
Jewellery
 l - a +4 ring of protection (left hand)
Scrolls
 f - a scroll of holy word {unknown}
 g - a scroll of vulnerability {unknown}
 j - a scroll of identify {unknown}
Potions
 k - a potion of mutation {unknown}
 m - a potion of brilliance {unknown}


   Skills:
 * Level 1.7 Fighting
 + Level 2.3 Short Blades
 + Level 2.0 Throwing
 * Level 1.5 Dodging
 * Level 6.8 Stealth
 * Level 1.2 Spellcasting
 * Level 0.3 Fire Magic


You had 3 spell levels left.
You knew the following spells:

 Your Spells              Type           Power      Damage    Failure   Level
a - Foxfire               Conj/Fire      4%         2x1d4     28%         1

Your spell library contained the following spells:

 Spells                   Type           Power      Damage    Failure   Level
 Conjure Flame            Conj/Fire      1%         6-21      63%         3
 Inner Flame              Hex/Fire       1%         N/A       63%         3
 Flame Wave               Conj/Fire      1%         2d4       95%         4


Dungeon Overview and Level Annotations

Branches:
Dungeon (2/15)

Altars:

Annotations:
D:2 Robin


Innate Abilities, Weirdness & Mutations

You are very small and have problems with some larger weapons.
You are too small for most types of armour.
You have supernaturally acute eyesight. (SInv)
You cover ground extremely quickly. (Speed+++)


Message History

You kill the goblin!
The goblin hits you with a +0 club. Robin throws the goblin at you!
The goblin barely misses you. The hobgoblin hits you.
The goblin barely misses you. The goblin hits you but does no damage.
The goblin barely misses you. The goblin misses you.
You hit the goblin but do no damage. The goblin closely misses you.
The goblin hits you but does no damage. The hobgoblin misses you.
The goblin hits you but does no damage. The goblin closely misses you.
The goblin misses you.
A goblin comes into view. It is wielding a +0 club.
The goblin misses you.
You closely miss the goblin. The goblin misses you. The hobgoblin misses you.
The goblin completely misses you. The goblin misses you.
The hobgoblin closely misses you. The goblin misses you.
The goblin hits you but does no damage. The goblin closely misses you.
You barely miss the goblin. The goblin closely misses you.
The goblin misses you. The goblin closely misses you.
The hobgoblin completely misses you. The hobgoblin hits you.
The goblin barely misses you. The goblin hits you but does no damage.
The goblin misses you.
You closely miss the goblin. The goblin barely misses you.
You completely miss the goblin.
Robin roars a battlecry!
The goblins go into a battle-frenzy!
The hobgoblin hits you but does no damage.
The goblin hits you but does no damage. The goblin barely misses you.
The hobgoblin closely misses you. The goblin completely misses you.
The goblin closely misses you. The goblin completely misses you.
You hit the goblin.
The goblin is moderately wounded.
The goblin barely misses you. The hobgoblin closely misses you.
The goblin hits you with a +0 dagger. The goblin closely misses you.
The hobgoblin misses you. The goblin barely misses you. The goblin misses you.
The goblin barely misses you.
You barely miss the goblin. Your punch misses the goblin.
The goblin is moderately wounded.
The goblin misses you. The goblin hits you with a +0 club.
* * * LOW HITPOINT WARNING * * *
The hobgoblin hits you.
You die...

.. .. #.
##. .. #
##g####.#
##Sggg...#
#.gg@g#
#...ggg.#
#.........#
+.........+
#.........#
##.......##
##.....##
##<..##


You could see Robin, an adder, 2 hobgoblins and 7 goblins.

Vanquished Creatures
  A dart slug (D:1)
  2 ball pythons (D:1)
  2 endoplasms (D:1)
  A giant cockroach (D:1)
  10 goblins
  2 hobgoblins (D:1)
  3 bats (D:1)
  3 frilled lizards (D:1)
  A kobold (D:1)
  2 rats (D:1)
27 creatures vanquished.

Notes
Turn   | Place    | Note
-------+----------+-------------------------------------------
     0 | D:1      | styxcanada the Spriggan Brigand began the quest for the
                  | Orb.
     0 | D:1      | Reached XP level 1. HP: 10/10 MP: 2/2
    14 | D:1      | Reached skill level 6 in Stealth
   226 | D:1      | Reached XP level 2. HP: 15/15 MP: 3/3
   389 | D:1      | Learned a level 1 spell: Foxfire
   752 | D:1      | Reached skill level 1 in Spellcasting
  1085 | D:1      | Reached XP level 3. HP: 18/18 MP: 5/5
  1276 | D:2      | Noticed Robin
  1287 | D:2      | Slain by a hobgoblin

Illustrated notes

Levels and vault maps discovered:
D:1:      eino_arrival_druids_welcome, layout_loops_ring,
          chequers_serial_rivers_room_b
D:2:      layout_loops_corners, hellmonk_ecumenical_altar_lost_god, hex_tiny,
          uniq_robin, uniq_sigmund, uniq_terence

Skill      XL: |  1  2 |
---------------+-------+-----
Stealth        | 6 |  6.8
Spellcasting   | 1 |  1.2
Fighting       | |  1.7
Short Blades   | |  2.3
Throwing       | |  2.0
Dodging        | |  1.5
Fire Magic     | |  0.3

Action                   || total
-------------------------++-------
Melee: Dagger            ||    75
       Punch             ||     2
Throw: Dart              ||     1
 Stab: Sleeping          ||    12
Armor: Robe              ||    24
Dodge: Dodged            ||    82
